Map: King Sejong Station LE

Players

JeffJohnson

  • Race: Zerg Zerg
  • League: Diamond

Therazhul - Winner!

  • Race: Terran Terran
  • League: Platinum

VOD

Have the link to the VOD?

Description

Time

  • Played on: Oct. 12, 2016, 4:27 p.m.
  • Length: 13:44
Show
View Real Time Build Order
Export as new Build Order

JeffJohnson Zerg 

Build Orders: Hatch First 

Get SALT Encoding   

  12  0:01  Drone  
  13  0:13  Overlord  
  13  0:19  Drone  
  14  0:31  Drone x2  
  14  0:35  Drone  
  17  0:53  Hatchery  
  17  0:57  Drone  
  17  1:01  Drone  
  18  1:15  Spawning Pool  
  18  1:18  Drone  
  18  1:24  Overlord  
  18  1:30  Drone  
  19  1:41  Drone  
  20  1:51  Drone  
  21  2:03  Zergling x2  
  21  2:04  Queen  
  21  2:05  Queen  
  21  2:06  Zergling x2  
  27  2:27  Drone x2, Hatchery  
  27  2:28  Drone  
  29  2:46  Drone x4  
  33  2:53  Overlord  
  33  2:54  Drone  
  34  3:00  Queen  
  36  3:10  Extractor  
  36  3:11  Queen  
  37  3:18  Drone x7  
  44  3:23  Overlord  
  44  3:34  Overlord  
  44  3:45  Queen  
  44  3:47  Queen  
  48  3:49  Drone x6  
  48  3:55  Overlord  
  54  3:59  Extractor  
  54  4:00  Drone x3  
  56  4:12  Spine Crawler  
  56  4:17  Queen  
  55  4:18  Drone  
  55  4:19  Spine Crawler, Drone x2  
  55  4:21  Metabolic Boost  
  59  4:37  Overlord  
  59  4:43  Spore Crawler  
  58  4:48  Spore Crawler  
  58  4:50  Lair  
  57  4:53  Overlord  
  57  4:54  Roach Warren  
  57  4:55  Zergling x2  
  57  4:56  Zergling x20  
  66  5:24  Overlord  
  66  5:28  Extractor x2, Drone x16  
  80  5:41  Roach x2  
  84  5:44  Drone x2  
  86  5:53  Hatchery  
  84  5:58  Evolution Chamber  
  84  5:59  Spire  
  84  6:00  Evolution Chamber  
  81  6:05  Drone x9  
  81  6:09  Extractor  
  81  6:11  Extractor  
  73  6:50  Roach x4  
  73  6:53  Drone x11  
  84  7:13  Mutalisk  
  84  7:14  Mutalisk x5  
  96  7:19  Spore Crawler  
  96  7:20  Overseer  
  95  7:30  Overlord  
  95  7:41  Queen  
  95  7:42  Mutalisk x3  
  103  7:47  Zerg Flyer Weapons Level 1  
  101  7:54  Zergling x2  
  101  7:55  Zergling x18  
  101  7:56  Overlord  
  101  7:57  Zerg Melee Weapons Level 1  
  111  8:09  Overlord x2  
  111  8:10  Overlord  
  104  8:21  Roach  
  104  8:22  Roach x3  
  104  8:23  Overlord x2  
  104  8:24  Overlord  
  63  8:48  Roach x2  
  51  8:49  Roach x8  
  64  8:56  Zergling x2  
  65  9:09  Roach x3  
  67  9:16  Roach x3  
  63  9:25  Roach  
  63  9:26  Roach  
  64  9:34  Zergling x2  
  64  9:35  Zergling x4  
  64  9:36  Roach x2  
  64  9:37  Roach x3  
  73  9:41  Spawning Pool  
  67  9:51  Roach  
  67  9:52  Roach x3  
  67  10:05  Roach x4  
  62  10:20  Roach x3  
  46  10:33  Drone x3  
  47  10:38  Zergling x2  
  47  10:41  Drone  
  49  10:48  Drone x2  
  49  11:06  Overseer  
  49  11:11  Drone x5  
  54  11:21  Baneling Nest  
  46  11:44  Roach x6  
  56  12:06  Zergling x4  
  56  12:07  Zergling x4  
  60  12:09  Queen  
  60  12:33  Drone x5  
  65  12:39  Baneling x5  
  65  12:40  Baneling  
  65  13:01  Hatchery  
  65  13:02  Zergling x2  
  65  13:03  Zergling x6  
  68  13:10  Zergling x4  
  68  13:11  Zergling x2  
Show
View Real Time Build Order
Export as new Build Order

Therazhul Terran - Winner!

Build Orders:  

Get SALT Encoding   

  12  0:00  SCV  
  13  0:13  SCV  
  14  0:18  Supply Depot  
  14  0:25  SCV  
  15  0:29  Refinery  
  15  0:39  SCV  
  16  0:46  Barracks  
  16  0:51  SCV  
  17  1:03  SCV  
  18  1:16  SCV  
  19  1:28  SCV  
  20  1:34  Reaper  
  21  1:40  Orbital Command  
  21  1:53  Command Center  
  21  2:06  Barracks Reactor  
  21  2:14  Barracks  
  21  2:19  Supply Depot  
  21  2:32  SCV  
  21  2:33  Factory, Refinery  
  22  2:44  Marine  
  22  2:45  Marine  
  22  2:46  SCV  
  25  2:58  SCV  
  26  3:04  Barracks Tech Lab  
  26  3:10  SCV  
  26  3:12  Supply Depot  
  27  3:13  Orbital Command  
  27  3:15  Marine  
  27  3:16  Marine  
  27  3:18  Factory Reactor  
  29  3:23  Stimpack  
  29  3:32  Starport  
  29  3:35  SCV  
  30  3:46  SCV  
  30  3:47  SCV  
  30  3:48  Marine x2  
  32  3:49  Marine  
  35  3:59  SCV x2  
  37  4:04  Supply Depot  
  37  4:05  Engineering Bay  
  39  4:11  SCV, Widow Mine x2  
  42  4:21  Starport Reactor  
  42  4:22  Marine  
  42  4:23  Marine x2  
  45  4:24  SCV  
  45  4:30  Engineering Bay  
  46  4:34  Terran Infantry Weapons Level 1  
  46  4:45  Marine x2  
  48  4:47  Hellion x2  
  52  4:54  Armory  
  52  4:56  Supply Depot  
  52  4:58  SCV  
  52  4:59  Refinery  
  54  5:00  SCV  
  54  5:07  Marine x2  
  54  5:08  Medivac  
  54  5:10  Medivac  
  60  5:15  SCV x2  
  62  5:26  Hellion x2  
  62  5:27  Marine x2, Marauder  
  70  5:33  Supply Depot  
  70  5:35  Terran Infantry Armor Level 1  
  70  5:40  Refinery  
  70  6:04  Marine  
  70  6:05  Marine x2  
  70  6:06  Hellion x2  
  77  6:13  SCV  
  78  6:20  Command Center  
  78  6:38  SCV, Marine x2  
  78  6:39  Marine  
  72  6:56  Marine  
  71  7:01  Marine x2  
  71  7:02  Hellion  
  71  7:03  Hellion  
  77  7:14  Marine  
  78  7:16  Supply Depot  
  78  7:17  Medivac x2, Supply Depot  
  78  7:19  Marine x2  
  84  7:29  Terran Infantry Weapons Level 2  
  84  7:30  Terran Infantry Armor Level 2  
  84  7:32  Marine  
  84  7:35  Supply Depot  
  84  7:36  Widow Mine, Supply Depot  
  84  7:37  Marine x2  
  89  7:49  Marine  
  89  7:54  Marine  
  89  7:55  Marine, Missile Turret  
  89  7:57  Missile Turret  
  89  8:07  Marine  
  89  8:11  Hellion x2  
  89  8:12  Marine x2  
  96  8:25  Marine  
  97  8:30  Marine x2  
  85  8:43  Marine  
  85  8:48  Marine x2  
  82  8:49  SCV x2  
  85  9:01  SCV x2, Marine  
  89  9:03  Planetary Fortress  
  89  9:06  Marine x2  
  89  9:08  Barracks  
  76  9:46  Marine x2  
  76  9:47  Marine  
  74  10:00  Missile Turret  
  74  10:03  Marine  
  74  10:04  Marine  
  74  10:06  Marine  
  74  10:08  Hellion x2, Medivac x2  
  79  10:20  Barracks Reactor  
  73  10:21  Marine x2  
  73  10:24  Marine  
  73  10:26  SCV x2  
  77  10:30  Barracks, Terran Infantry Armor Level 3, Terran Infantry Weapons Level 3  
  77  10:33  Barracks, Refinery  
  77  10:34  Refinery  
  74  10:35  Command Center  
  74  10:39  Marine  
  75  10:47  Marine x2  
  75  10:49  Hellion x2  
  81  10:50  SCV x3  
  84  10:57  Marine  
  84  11:02  SCV  
  86  11:18  Marine x3  
  86  11:19  Marine x3  
  86  11:20  Hellion x2  
  86  11:22  SCV x3  
  97  11:36  Marine  
  94  11:51  Marine x4  
  94  11:52  Marine x2  
  94  11:53  Hellion x2  
  104  11:54  Marine  
  104  11:57  Medivac x2  
  108  12:09  Marine x3  
  108  12:13  Marine x2  
  112  12:16  Marine x2  
  112  12:17  Hellion  
  112  12:18  Hellion  
  112  12:22  Planetary Fortress  
  111  12:24  SCV x3  
  111  12:26  Marine  
  111  12:27  Marine x2, Missile Turret  
  109  12:34  Marine  
  109  12:35  Marine  
  109  12:36  SCV x2  
  115  12:42  Barracks Tech Lab x2  
  113  12:48  SCV x3  
  113  12:50  Marine x3  
  119  12:52  Marine  
  119  12:53  Hellion, Marine  
  123  13:03  Marine x2  
  123  13:05  Supply Depot  
  125  13:08  Marine x3  
  125  13:10  Hellion, Marine  
  125  13:11  Marauder  
  133  13:21  Marine x2  
  133  13:26  Marine x3  
  138  13:28  Supply Depot  
Tags
 
Add a new tag
Caveats
  • Supply blocks, unpowered buildings, or Contaminate may cause inaccurate times.
  • Supply counts are checked every 10 seconds.